 Dungeon Crawl Stone Soup version 0.29-a0-830-gcb1280458a (webtiles) character file.

Game seed: 15016655524430790502

270100 magipi the Severer (level 22, -2/195 HPs)
             Began as a Meteoran Berserker on July 10, 2022.
             Was a High Priest of Trog.
             Killed from afar by an ancient lich (85 damage)
             ... with a crystal spear
             ... on level 5 of the Vaults on July 11, 2022.
             The game lasted 02:23:02 (18410 turns).

magipi the Severer (Meteoran Berserker)            Turns: 18410, Time: 02:23:02

Health: -2/195     AC: 21    Str: 31    XL:     22   Next: 43%
Magic:  23/23      EV: 22    Int: 13    God:    Trog [*****.]
Gold:   1516       SH: 28    Dex: 27    Spells: 21/21 levels left

rFire   + . .      SeeInvis +   a - +8 broad axe (elec)
rCold   + . .      Faith    .   u - +0 tower shield
rNeg    . . .      Spirit   .   R - +2 chain mail {rPois}
rPois   +          Reflect  +   K - +2 helmet {Int+3}
rElec   .          Harm     .   q - scarf {rC+ rF+}
rCorr   .          Rampage  .   X - +2 pair of gloves {Dex+3}
Will    +++++                   O - +0 pair of boots
Stlth   ..........              r - amulet "Xamyur" {Reflect Will+ Dex+5 SH+5}
HPRegen 1.42/turn               s - ring of Brilliance {Str+6 Slay+6}
MPRegen 0.18/turn               i - ring of see invisible

@: strong-willed, corroded, regenerating, glowing, studying Axes
A: sense surroundings 3, otherworldly, glowing, explore regen
}: 1/15 runes: barnacled
a: Renounce Religion, Berserk, Trog's Hand, Brothers in Arms


You were on level 5 of the Vaults.
You worshipped Trog.
Trog was extremely pleased with you.
You visited 7 branches of the dungeon, and saw 39 of its levels.
You visited the Abyss 1 time.
You also visited: Sewer, Bailey and Ice Cave.

You collected 3773 gold pieces.
You spent 2257 gold pieces at shops.

Inventory:

Hand Weapons
 a - a +8 broad axe of electrocution (weapon)
   (You took it off an orc warrior on level 2 of the Orcish Mines)
 b - the +8 lance "Wyrmbane" {slay drac, rPois rF+ rC+ AC+3}
   (You found it on level 3 of the Elven Halls)

   It inflicts extra damage against dragons and draconians.
   AC:        It affects your AC (+3).
   rF:        It protects you from fire.
   rC:        It protects you from cold.
   rPois:     It protects you from poison.
Missiles
 F - a silver boomerang (quivered)
 M - 12 boomerangs
 U - a throwing net
 V - 8 silver javelins
Armour
 q - a scarf of resistance (worn)
   (You found it on level 3 of the Lair of Beasts)
 u - a +0 tower shield (worn)
   (You took it off an orc warlord on level 13 of the Dungeon)
 K - a +2 helmet of intelligence (worn)
   (You found it on level 3 of the Elven Halls)
 O - a +0 pair of boots (worn)
   (You found it on level 9 of the Dungeon)
 R - a +2 chain mail of poison resistance (worn)
   (You took it off an orc warlord on level 13 of the Dungeon)
 X - a +2 pair of gloves of dexterity (worn)
   (You found it in an ice cave)
 Z - a +2 crystal plate armour of cold resistance
   (You found it in an ice cave)
Jewellery
 i - a ring of see invisible (right hand)
   (You found it on level 4 of the Shoals)
 m - the ring of Dustroad {Will+ Dex+6 Stlth+}
   (You found it on level 9 of the Dungeon)

   [ring of willpower]

   Dex:       It affects your dexterity (+6).
   Will:      It increases your willpower.
   Stlth:     It makes you more stealthy.
 o - a ring of resist corrosion
   (You found it on level 11 of the Dungeon)
 r - the amulet "Xamyur" (around neck) {Reflect Will+ Dex+5 SH+5}
   (You bought it in a shop on level 2 of the Orcish Mines)

   [amulet of reflection]

   It reflects blocked missile attacks.
   Dex:       It affects your dexterity (+5).
   SH:        It affects your SH (+5).
   Will:      It increases your willpower.
 s - the ring of Brilliance (left hand) {Str+6 Slay+6}
   (You found it on level 3 of the Elven Halls)

   [ring of strength]

   Str:       It affects your strength (+6).
   Slay:      It affects your accuracy & damage with ranged weapons and melee
   (+6).
 v - a +4 ring of evasion
   (You found it on level 6 of the Dungeon)
Wands
 d - a wand of digging (29)
   (You found it on level 6 of the Dungeon)
 x - a wand of polymorph (6)
   (You found it on level 2 of the Dungeon)
 G - a wand of acid (5)
   (You found it on level 14 of the Dungeon)
 H - a wand of iceblast (6)
   (You took it off Maggie on level 7 of the Dungeon)
 N - a wand of paralysis (15)
   (You took it off a kobold on level 9 of the Dungeon)
 W - a wand of mindburst (20)
   (You found it on level 3 of the Lair of Beasts)
Scrolls
 c - a scroll of fog
 h - 19 scrolls of teleportation
 k - a scroll of summoning
 n - 2 scrolls of magic mapping
 y - 2 scrolls of blinking
 E - 2 scrolls of vulnerability
 I - a scroll of immolation
 S - 2 scrolls of fear
 Y - 3 scrolls of enchant armour
Potions
 e - 8 potions of curing
 f - 5 potions of might
 g - 3 potions of heal wounds
 j - 7 potions of flight
 l - a potion of resistance
 p - 2 potions of degeneration
 t - 3 potions of magic
 z - 2 potions of cancellation
 B - 4 potions of attraction
 D - 6 potions of ambrosia
 J - 7 potions of haste
 P - 4 potions of mutation
 Q - 4 potions of lignification
 T - a potion of invisibility
Miscellaneous
 A - a phantom mirror
   (You found it on level 2 of the Spider Nest)
 C - a box of beasts
   (You found it on level 3 of the Elven Halls)


   Skills:
 + Level 16.1 Fighting
 - Level 18.0 Axes
 - Level 2.1(12.0) Polearms
 - Level 16.0 Throwing
 + Level 17.2 Armour
 + Level 17.2 Dodging
 + Level 16.3 Shields
 + Level 16.4 Evocations


You had 21 spell levels left.
You didn't know any spells.
Your spell library was empty.

Dungeon Overview and Level Annotations

Branches:
Dungeon (15/15) Zot: 1881  Temple (0/1) D:6            Lair (6/6) D:10 Zot: 884
 Shoals (4/4) Lair:2 Zot: 500  Spider (4/4) Lair:3 Zot: 131   Slime (0/5) Lair:6
    Orc (2/2) D:9 Zot: 417     Elf (3/3) Orc:2 Zot: 589  Vaults (5/5) D:13 Zot: 1849
  Crypt (0/3) Vaults:2     Depths (0/4) D:15          Sewer (visited)
 Bailey (visited)           IceCv (visited)

Altars:
Elyvilon
Hepliaklqana
Sif Muna
Vehumet
Jiyva

Shops:
D:3 *   D:8 [?![   D:13 [   Orc:2 =*=!   Shoals:1 ?   Shoals:3 !

Portals:
Trove: D:10 (give +3 storm dragon scales)
Wizlab: Vaults:1

Annotations:
D:11 2 transporters, Vorhees's ghost, journeyman TrGl
D:14 3 runed translucent doors, Megustar's ghost, journeyman DEFE
Lair:4 2 transporters, Xemekh's ghost, journeyman HOFi
Lair:6 1 runed translucent door
Vaults:5 Mennas


Innate Abilities, Weirdness & Mutations

You passively map a large area around you.
You are easily found by Zot.
You glow in the dark.
You regain HP and MP as you explore.


Message History

The tengu reaver is almost dead.
You slash the vault guard!
Lightning courses through the vault guard!!
You slash the tentacled monstrosity!
The tengu reaver gestures at you while chanting.
The bolt of acid hits you! The acid corrodes you!
You block the tentacled monstrosity's attack. x3
The tentacled monstrosity constricts you.
The vault guard completely misses you.
You slash the tengu reaver!
Lightning courses through the tengu reaver!
You kill the tengu reaver!
Trog accepts your kill.
Trog appreciates your killing of a magic user.
You hit the tentacled monstrosity but do no damage.
You slice the vault guard!!
The tentacled monstrosity tentacle-slaps you.
The tentacled monstrosity tentacle-slaps you but does no damage.
The tentacled monstrosity closely misses you.
The tentacled monstrosity constricts you.
You block the vault guard's attack.
Unknown command.
You slice the vault guard!!
The vault guard is almost dead.
You slash the tentacled monstrosity!
The tentacled monstrosity tentacle-slaps you but does no damage.
You block the tentacled monstrosity's attack.
The tentacled monstrosity tentacle-slaps you but does no damage.
The tentacled monstrosity constricts you.
The vault guard hits you with a +0 war axe.
Your troll goes berserk!
The tentacled monstrosity completely misses you.
You block the tentacled monstrosity's attack. x2
The tentacled monstrosity constricts you.
The vault guard completely misses you.
Unknown command.
Unknown command.
Unknown command.
The tentacled monstrosity's grasp on you weakens, but your attempt to escape fails.
A green very ugly thing comes into view.
The ancient lich gestures wildly while chanting.
The ancient lich flickers and vanishes for a moment.
You block the tentacled monstrosity's attack.
The tentacled monstrosity completely misses you.
The tentacled monstrosity tentacle-slaps you.
The tentacled monstrosity constricts you!
You block the vault guard's attack.
The green very ugly thing moves out of view.
You hear a horrible gurgling sound!
The vault guard shouts!
Unknown command.
You escape the tentacled monstrosity's grasp.
You block the vault guard's attack.
The vault guard hits your troll with a +0 war axe!
The tentacled monstrosity tentacle-slaps your troll but does no damage.
The tentacled monstrosity tentacle-slaps your troll! x2
The tentacled monstrosity grabs your troll.
The tentacled monstrosity constricts your troll!
Your troll barely misses the tentacled monstrosity.
Your troll claws the tentacled monstrosity.
Your troll claws the tentacled monstrosity but does no damage.
Unknown command.
You slice the vault guard!!
You kill the vault guard!
Trog accepts your kill.
Your troll bites the tentacled monstrosity!!
The tentacled monstrosity dies!
Trog accepts your kill.
Unknown command.
Unknown command.
You hear a shout!
Things that are here:
a +0 spear; a +0 robe; an ogre corpse You swap places.
You block the ancient lich's attack.
You see here the +5 hand axe of the Final Decision {vorpal, rN+ Will+}.
Unknown command.
Unknown command.
You completely miss the ancient lich. The ancient lich closely misses you.
The ancient lich misses you.
You hear a shout!
You slash the ancient lich!
The ancient lich is lightly damaged.
Your troll rages.
You block the ancient lich's attack.
The vault guard hits your troll with a +2 long sword!
You slice the ancient lich!!
The ancient lich is moderately damaged.
You block the ancient lich's attack.
Your troll bites the vault guard!
The vault guard blocks your troll's attack.
Your troll claws the vault guard!
A yaktaur captain comes into view.
It is wielding a +2 dagger of flaming and quivering datura-tipped darts.
The vault guard hits your troll with a +2 long sword!!
Your troll dies!
Your troll's corpse disappears in a puff of smoke!
Unknown command.
You hit the ancient lich.
The ancient lich is moderately damaged.
The ancient lich misses you. The ancient lich casts a spell at you.
The crystal spear hits you!!!!
You die...

, #.. * ## ** * ,, #..
,*,# #)# *, , ** * *#...
##., #.. * , * #... #.#
#.# , * *#....#..#.., , ,
*, * , ##....#c#.#.#, , ,
* , ,......p..XQ# , *, ***
* ..C...§L###############
, ,
.......)@)....)))...... ,
,
,,.......).....))........,
* #######################


You could see a titan, an ancient lich (fast, invisible), a yaktaur captain and
a vault guard.

Vanquished Creatures
  A shard shrike (IceCv)
  Arachne (Spider:2)
  Rupert (Lair:4)
  Asterion (Elf:3)
  2 deep elf blademasters (Elf:3)
  2 sphinxes (Vaults:5)
  A tentacled starspawn (Abyss:1)
  Polyphemus (Shoals:2)
  Kirke (Shoals:1)
  A tengu reaver (Vaults:5)
  Gastronok (D:8)
  5 deep elf sorcerers (Elf:3)
  7 vault wardens
  An orc warlord (D:13)
  2 ghost moths (Spider:4)
  5 very ugly things (Vaults:1)
  2 deep elf elementalists (Elf:3)
  8 ironbound preservers
  2 ironbound thunderhulks
  A stone giant (Vaults:4)
  3 broodmothers
  4 deep elf demonologists (Elf:3)
  4 deep elf annihilators (Elf:3)
  A white draconian (IceCv)
  7 entropy weavers
  2 spark wasps
  A crystal guardian (Vaults:2)
  5 yaktaur captains
  A fire dragon (D:15)
  10 deep elf death magi
  3 merfolk impalers
  6 merfolk javelineers
  4 deep elf high priests
  A great orb of eyes (Vaults:4)
  An ice dragon (D:15)
  A peacekeeper (Vaults:2)
  2 catoblepae
  5 hydras
  5 boulder beetles
  7 ironbound frosthearts
  6 vault guards
  A jorogumo (Spider:2)
  2 ogre magi
  11 centaur warriors
  5 merfolk aquamancers
  An alligator snapping turtle (Shoals:4)
  3 merfolk avatars
  5 two-headed ogres
  2 dancing weapons (Elf:2)
  4 orc high priests
  6 tengu warriors
  9 death yaks
  Urug (Lair:2)
  9 deep elf knights
  4 sun moths
  A shadow wraith (Abyss:1)
  A wretched star (Abyss:1)
  3 skeletal warriors (D:14)
  7 pharaoh ants
  7 steelbarb worms
  2 sea snakes
  15 orb spiders
  A large abomination (Abyss:1)
  6 orc knights
  A spriggan simulacrum (Shoals:4)
  4 wizards
  A deep elf archer (Elf:2)
  Pikel (D:7)
  A lindwurm (Lair:6)
  25 deep trolls
  A phantasmal warrior (Vaults:5)
  2 necromancers (D:13)
  5 ironbound convokers
  10 harpies
  13 deep elf pyromancers
  33 ugly things
  An oklob plant (Lair:5)
  6 cyclopes
  7 deep elf zephyrmancers
  16 wolf spiders
  3 orc sorcerers (Orc:2)
  A faun (Shoals:3)
  3 moths of wrath
  5 elephants
  11 manticores
  8 vault sentinels
  6 cane toads
  2 water nymphs
  2 black mambas
  2 merfolk sirens
  Maurice (D:10)
  2 gargoyles (D:11)
  An orange demon (Lair:2)
  A molten gargoyle (Lair:3)
  6 torpor snails
  5 yaktaurs (Vaults:1)
  Maggie (D:7)
  5 demonic crawlers
  11 rime drakes
  10 komodo dragons
  A freezing wraith (D:9)
  2 tengu conjurers (D:14)
  An entropy weaver simulacrum (Shoals:4)
  An efreet (D:13)
  8 polar bears
  A hornet (D:9)
  8 merfolk
  5 trolls
  A wind drake (Shoals:3)
  7 meliai
  A troll (shapeshifter) (D:14)
  Prince Ribbit (D:8)
  A queen bee (D:15)
  21 tarantellas
  3 blink frogs (Lair:2)
  A blink frog (shapeshifter) (D:13)
  19 slime creatures
  3 dream sheep (Lair:6)
  3 raiju (Abyss:1)
  5 snapping turtles
  25 jumping spiders
  A centaur simulacrum (D:14)
  2 shadows
  An air elemental (Elf:1)
  16 culicivoras
  3 water elementals
  3 ynoxinuls (Abyss:1)
  3 fire bats (Lair:3)
  2 vampires
  A fire elemental (Elf:2)
  5 hogs (Shoals:1)
  2 wraiths
  A dire elephant simulacrum (Shoals:4)
  3 wyverns
  22 yaks
  A minotaur simulacrum (Shoals:4)
  2 vampire mosquitoes (D:12)
  47 redbacks
  9 basilisks
  A steam dragon (D:9)
  3 wargs
  A harpy simulacrum (Shoals:4)
  16 water moccasins
  16 orc warriors
  4 black bears
  An ice beast (Vaults:1)
  A sky beast (D:7)
  An alligator simulacrum (Shoals:4)
  4 boggarts (Vaults:2)
  A tengu (shapeshifter) (D:9)
  20 centaurs
  11 ogres
  15 wolves
  6 kobold brigands
  A phantom (D:6)
  11 bullfrogs
  A deep troll simulacrum (Shoals:4)
  A gnoll sergeant (D:9)
  2 necrophages
  11 wights (D:8)
  22 killer bees
  A lindwurm simulacrum (Shoals:4)
  A hound (D:4)
  A jelly (Sewer)
  15 orc priests
  3 iguanas
  19 orc wizards
  5 hell rats (Lair:4)
  11 gnolls
  8 adders
  A river rat (Sewer)
  An ufetubus (D:5)
  4 worms
  2 dart slugs
  88 orcs
  11 ball pythons
  5 bats
  12 endoplasms
  7 giant cockroaches
  6 goblins
  9 hobgoblins
  4 quokkas
  8 frilled lizards
  27 kobolds
  10 rats
1095 creatures vanquished.

Vanquished Creatures (collateral kills)
  A tentacled monstrosity (Vaults:5)
  An orc warlord (Orc:1)
  An emperor scorpion (Spider:2)
  A deep elf demonologist (Elf:3)
  An ettin (Orc:1)
  2 merfolk impalers (Shoals:4)
  A boulder beetle (Spider:2)
  A hydra (Lair:6)
  A deep troll shaman (Lair:6)
  A pharaoh ant (Spider:2)
  Amaemon (Lair:2)
  A sea snake (Shoals:4)
  An orb spider (Spider:2)
  2 manticores
  A merfolk siren (Shoals:4)
  4 merfolk (Shoals:4)
  2 jumping spiders (Spider:2)
  6 yaks (Lair:3)
  2 bullfrogs
  A lava snake (Lair:3)
32 creatures vanquished.

Vanquished Creatures (others)
  A deep elf zephyrmancer (Elf:1)
  A human (Shoals:1)
  An orc priest (Orc:2)
  9 fungi
  72 plants
  4 starspawn tentacles (Abyss:1)
88 creatures vanquished.

Grand Total: 1215 creatures vanquished

Notes
Turn   | Place    | Note
-------+----------+-------------------------------------------
     0 | D:1      | magipi the Meteoran Berserker began the quest for the Orb.
     0 | D:1      | Reached XP level 1. HP: 19/19 MP: 2/2
   115 | D:1      | Reached XP level 2. HP: 23/26 MP: 3/3
   193 | D:1      | Reached skill level 4 in Axes
   269 | D:1      | Reached XP level 3. HP: 24/31 MP: 4/4
   418 | D:2      | Reached XP level 4. HP: 40/40 MP: 5/5
   499 | D:2      | Found a faded altar of an unknown god.
   544 | D:3      | Reached ** piety under Trog
   579 | D:3      | Reached XP level 5. HP: 34/46 MP: 6/6
   645 | D:2      | Reached skill level 5 in Axes
   733 | D:2      | Found a white marble altar of Elyvilon.
   780 | D:3      | Found Wamuhui's Assorted Antiques.
   907 | D:3      | Found a white marble altar of Elyvilon.
   920 | D:3      | Found a shimmering blue altar of Sif Muna.
   928 | D:3      | Reached XP level 6. HP: 49/52 MP: 7/7
  1118 | D:4      | Found a glowing drain.
  1128 | Sewer    | Entered a sewer
  1165 | Sewer    | Reached *** piety under Trog
  1236 | Sewer    | Found a viscous altar of Jiyva.
  1448 | D:4      | Reached skill level 6 in Axes
  1448 | D:4      | Reached XP level 7. HP: 60/60 MP: 8/8
  1762 | D:5      | Entered Level 5 of the Dungeon
  1984 | D:5      | Reached skill level 5 in Fighting
  2167 | D:6      | Reached skill level 7 in Axes
  2167 | D:6      | Reached XP level 8. HP: 68/68 MP: 9/9
  2210 | D:6      | Found a staircase to the Ecumenical Temple.
  2295 | D:6      | Reached skill level 5 in Armour
  2295 | D:6      | Reached skill level 5 in Dodging
  2351 | D:6      | Reached skill level 1 in Evocations
  2448 | D:7      | Noticed Maggie
  2458 | D:7      | Killed Maggie
  2459 | D:7      | Reached skill level 8 in Axes
  2476 | D:7      | Gained mutation: You passively map the area around you.
                  | [Meteoran growth]
  2476 | D:7      | Reached XP level 9. HP: 68/75 MP: 10/10
  2541 | D:7      | Noticed Pikel
  2557 | D:7      | Killed Pikel
  2558 | D:7      | Reached skill level 9 in Axes
  2572 | D:7      | Reached **** piety under Trog
  2763 | D:7      | Reached XP level 10. HP: 61/84 MP: 11/11
  2857 | D:8      | Noticed Gastronok
  3017 | D:8      | Killed Gastronok
  3018 | D:8      | Reached skill level 10 in Axes
  3018 | D:8      | Reached skill level 5 in Evocations
  3171 | D:8      | Noticed Prince Ribbit
  3184 | D:8      | Killed Prince Ribbit
  3185 | D:8      | Reached skill level 11 in Axes
  3327 | D:8      | Found Wuzuddil's Armour Shoppe.
  3328 | D:8      | Found Vaats's Magic Scroll Shoppe.
  3330 | D:8      | Found Jeleletu's Distillery.
  3330 | D:8      | Found Isyqaset's Armour Shoppe.
  3338 | D:8      | Bought a potion of curing for 42 gold pieces
  3338 | D:8      | Bought a potion of heal wounds for 70 gold pieces
  3346 | D:8      | Bought a scroll of teleportation for 36 gold pieces
  3346 | D:8      | Bought a scroll of identify for 24 gold pieces
  3525 | D:9      | Reached skill level 1 in Throwing
  3550 | D:9      | Reached XP level 11. HP: 64/85 MP: 12/12
  3570 | D:9      | Found a staircase to the Orcish Mines.
  3611 | D:9      | Found a flagged portal.
  3622 | Bailey   | Entered a bailey
  3908 | D:9      | Noticed a deep elf pyromancer
  3925 | D:9      | Killed a deep elf pyromancer
  3996 | D:9      | Noticed an eight-headed hydra
  4166 | D:9      | Noticed a cyclops
  4172 | D:9      | Killed a cyclops
  4173 | D:9      | Reached skill level 12 in Axes
  4173 | D:9      | Identified the ring of Dustroad {Will+ Dex+6 Stlth+}
  4178 | D:9      | Identified the ring of the Cricket {Fire rElec Will- Int+5
                  | SInv}
  4320 | D:10     | Entered Level 10 of the Dungeon
  4470 | D:10     | Noticed a manticore
  4484 | D:10     | Killed a manticore
  4662 | D:10     | Reached ***** piety under Trog
  4685 | D:10     | Found a hazy altar of Hepliaklqana.
  4685 | D:10     | Found a radiant altar of Vehumet.
  4699 | D:10     | Found a staircase to the Lair.
  4724 | D:10     | Reached XP level 12. HP: 103/103 MP: 13/13
  4841 | D:10     | Noticed Maurice
  4869 | D:10     | Killed Maurice
  4951 | D:10     | Found a portal to a secret trove of treasure.
  5103 | D:9      | Killed an eight-headed hydra
  5320 | D:9      | Reached skill level 13 in Axes
  5469 | D:11     | Identified the +9 war axe of the Divine God {freeze, Int+8}
  5529 | D:11     | Reached skill level 5 in Throwing
  5569 | D:11     | Noticed an eight-headed hydra
  5583 | D:11     | Found a transporter.
  5591 | D:11     | Noticed Vorhees's ghost (journeyman TrGl)
  5597 | D:11     | Found a transporter.
  5829 | Lair:1   | Entered Level 1 of the Lair of Beasts
  6188 | Lair:2   | Found a staircase to the Shoals.
  6251 | Lair:2   | Reached XP level 13. HP: 98/111 MP: 14/14
  6298 | Lair:2   | Reached skill level 10 in Dodging
  6308 | Lair:2   | Identified the +3 longbow "Sovaral" {venom, rN+ MP+9 Str+4}
  6346 | Lair:2   | Reached skill level 14 in Axes
  6426 | Lair:2   | Noticed Urug
  6437 | Lair:2   | Killed Urug
  6438 | Lair:2   | Reached skill level 10 in Armour
  6555 | Lair:2   | Noticed Amaemon
  6569 | Lair:2   | Killed Amaemon
  6851 | Lair:3   | Reached skill level 10 in Fighting
  6944 | Lair:3   | Noticed a six-headed hydra
  6959 | Lair:3   | Killed a six-headed hydra
  7013 | Lair:3   | Found a hole to the Spider Nest.
  7102 | Lair:4   | Found a transporter.
  7105 | Lair:4   | Noticed Xemekh's ghost (journeyman HOFi)
  7113 | Lair:4   | Reached skill level 15 in Axes
  7266 | Lair:5   | Noticed a four-headed hydra
  7276 | Lair:5   | Killed a four-headed hydra
  7405 | Lair:5   | Reached XP level 14. HP: 122/122 MP: 15/15
  7433 | Lair:4   | Noticed Rupert
  7444 | Lair:4   | Killed Rupert
  7491 | Lair:4   | Found a transporter.
  7639 | Lair:6   | Entered Level 6 of the Lair of Beasts
  7649 | Lair:6   | Reached skill level 10 in Evocations
  7873 | Lair:6   | Found a runed translucent door.
  7873 | Lair:6   | Found a viscous altar of Jiyva.
  7873 | Lair:6   | Found a staircase to the Slime Pits.
  7873 | Lair:6   | Noticed an acid blob
  7873 | Lair:6   | Noticed an acid blob
  7873 | Lair:6   | Noticed an acid blob
  8406 | Shoals:1 | Entered Level 1 of the Shoals
  8406 | Shoals:1 | Noticed a merfolk impaler
  8416 | Shoals:1 | Noticed a merfolk javelineer
  8420 | Shoals:1 | Killed a merfolk impaler
  8424 | Shoals:1 | Killed a merfolk javelineer
  8434 | Shoals:1 | Noticed a merfolk javelineer
  8440 | Shoals:1 | Killed a merfolk javelineer
  8442 | Shoals:1 | Reached XP level 15. HP: 78/130 MP: 16/16
  8653 | Shoals:1 | Noticed Kirke
  8683 | Shoals:1 | Killed Kirke
  8744 | Shoals:1 | Reached skill level 10 in Throwing
  8798 | Shoals:1 | Found Demiaps's Magic Scroll Emporium.
  8801 | Shoals:1 | Bought a scroll of identify for 24 gold pieces
  8801 | Shoals:1 | Bought a scroll of identify for 24 gold pieces
  8801 | Shoals:1 | Bought a scroll of teleportation for 36 gold pieces
  8801 | Shoals:1 | Bought a scroll of teleportation for 36 gold pieces
  8803 | Shoals:1 | Reached XP level 16. HP: 139/139 MP: 17/17
  8873 | Shoals:1 | Glimpsed the power of Zot.
  8899 | Shoals:2 | Noticed Polyphemus
  8928 | Shoals:1 | Received a gift from Trog
  8982 | Shoals:2 | Killed Polyphemus
  9311 | Shoals:3 | Found Assoan's Distillery.
  9344 | Shoals:3 | Bought a potion of haste for 180 gold pieces
  9344 | Shoals:3 | Bought a potion of curing for 54 gold pieces
  9344 | Shoals:3 | Bought a potion of haste for 180 gold pieces
  9344 | Shoals:3 | Bought a potion of curing for 54 gold pieces
  9495 | Shoals:4 | Entered Level 4 of the Shoals
  9495 | Shoals:4 | Found a frozen archway.
  9640 | IceCv    | Entered an ice cave
  9777 | IceCv    | Received a gift from Trog
 10007 | IceCv    | Reached XP level 17. HP: 141/148 MP: 18/18
 10040 | IceCv    | Noticed a shard shrike
 10057 | IceCv    | Killed a shard shrike
 10071 | IceCv    | HP: 5/222 [ironbound frostheart (15)]
 10071 | IceCv    | HP: 1/222 [ironbound frostheart (4)]
 10208 | Shoals:4 | Got a barnacled rune of Zot
 10577 | Shoals:4 | Received a gift from Trog
 10625 | Shoals:1 | Bought a scroll of immolation for 42 gold pieces
 10625 | Shoals:1 | Bought a scroll of fear for 42 gold pieces
 10625 | Shoals:1 | Bought a scroll of enchant weapon for 90 gold pieces
 10625 | Shoals:1 | Bought a scroll of enchant weapon for 90 gold pieces
 10710 | Spider:1 | Entered Level 1 of the Spider Nest
 10825 | Spider:1 | Identified a scroll of acquirement
 10825 | Spider:1 | Acquired a manual of Axes
 10835 | Spider:1 | You fall into a shaft and drop 1 floor!
 10844 | Spider:2 | Reached skill level 16 in Axes
 11273 | Spider:2 | Noticed Arachne
 11293 | Spider:2 | Killed Arachne
 11379 | Spider:2 | Gained mutation: You passively map a large area around you.
                  | [Meteoran growth]
 11379 | Spider:2 | Reached XP level 18. HP: 142/158 MP: 19/19
 11811 | Spider:2 | Reached skill level 17 in Axes
 12240 | Spider:2 | Received a gift from Trog
 12436 | Spider:3 | Glimpsed the power of Zot.
 12492 | Spider:3 | Glimpsed the power of Zot.
 12497 | Spider:4 | Entered Level 4 of the Spider Nest
 12954 | Spider:4 | Reached skill level 15 in Throwing
 12954 | Spider:4 | Reached skill level 15 in Dodging
 13015 | Spider:4 | Reached skill level 15 in Armour
 13090 | Spider:4 | Reached skill level 18 in Axes
 13103 | Spider:4 | Glimpsed the power of Zot.
 13147 | Spider:4 | Received a gift from Trog
 13152 | Spider:4 | Reached XP level 19. HP: 26/167 MP: 20/20
 13163 | Spider:4 | Glimpsed the power of Zot.
 13194 | Spider:4 | Glimpsed the power of Zot.
 13204 | Spider:4 | Touched by the power of Zot.
 13319 | Spider:4 | Glimpsed the power of Zot.
 13379 | Spider:4 | Glimpsed the power of Zot.
 13419 | Spider:4 | Glimpsed the power of Zot.
 13429 | Spider:4 | Touched by the power of Zot.
 13663 | Orc:1    | Entered Level 1 of the Orcish Mines
 13785 | Orc:2    | Entered Level 2 of the Orcish Mines
 13795 | Orc:1    | HP: 4/109 [orc warrior/+0 hand axe[an orc warlord] (14)]
 14051 | Orc:2    | Received a gift from Trog
 14148 | Abyss:1  | Cast into level 1 of the Abyss (orc knight)
 14156 | Abyss:1  | Found a corrupted altar of Lugonu.
 14291 | Abyss:1  | Found a corrupted altar of Lugonu.
 14359 | Orc:2    | Escaped the Abyss
 14421 | Orc:2    | Found Gil Buth's Distillery.
 14421 | Orc:2    | Found Irhogess's Jewellery Shoppe.
 14423 | Orc:2    | Found Erghouvi's Jewellery Boutique.
 14423 | Orc:2    | Found Ygul's Assorted Antiques.
 14434 | Orc:2    | Bought the amulet "Xamyur" {Reflect Will+ Dex+5 SH+5} for
                  | 584 gold pieces
 14448 | Orc:2    | Bought a smoking chain mail for 247 gold pieces
 14448 | Orc:2    | Identified the +0 chain mail of Lethargy {rPois rC- Will+}
                  | (You bought it in a shop on level 2 of the Orcish Mines)
 14453 | Orc:2    | Bought a potion of heal wounds for 70 gold pieces
 14453 | Orc:2    | Bought a potion of haste for 140 gold pieces
 14610 | Orc:2    | Found a staircase to the Elven Halls.
 14637 | Elf:1    | Entered Level 1 of the Elven Halls
 14647 | Elf:1    | Reached skill level 15 in Evocations
 14693 | Elf:1    | Paralysed by an air elemental for 1 turns
 14913 | Elf:2    | Reached skill level 1 in Shields
 15090 | Elf:2    | Found a shimmering blue altar of Sif Muna.
 15191 | Elf:3    | Entered Level 3 of the Elven Halls
 15259 | Elf:3    | Reached skill level 15 in Fighting
 15354 | Elf:3    | Received a gift from Trog
 15413 | Elf:3    | Noticed a deep elf blademaster
 15431 | Elf:3    | Reached XP level 20. HP: 129/178 MP: 21/21
 15511 | Elf:3    | Noticed Asterion
 15544 | Elf:3    | Killed Asterion
 15650 | Elf:3    | Identified the +6 mace of the Flying Gods {speed, rPois
                  | rC+}
 15653 | Elf:3    | Found the +8 lance "Wyrmbane" {slay drac, rPois rF+ rC+
                  | AC+3}
 15687 | Elf:3    | Identified the -2 cloak of the Hurting Gods {Dex+5}
 15690 | Elf:3    | Identified the ring of Brilliance {Str+6 Slay+6}
 15753 | Elf:3    | Reached skill level 1 in Polearms
 15753 | Elf:3    | Reached skill level 10 in Shields
 15781 | Elf:3    | Upgraded the game from 0.29-a0-824-gd827844252 to
                  | 0.29-a0-830-gcb1280458a
 16031 | D:8      | Bought a scroll of teleportation for 36 gold pieces
 16031 | D:8      | Bought a scroll of immolation for 48 gold pieces
 16031 | D:8      | Bought 3 scrolls of teleportation for 108 gold pieces
 16215 | D:13     | Found Uroygod's Antique Armour Emporium.
 16292 | D:13     | You fall into a shaft and drop 1 floor!
 16406 | D:14     | Identified the +0 leather armour of Experimentation
                  | {*Corrode rC+ Str+3}
 16485 | D:15     | Entered Level 15 of the Dungeon
 16603 | D:14     | Found a runed translucent gate.
 16604 | D:14     | Found a runed translucent gate.
 16604 | D:14     | Noticed Megustar's ghost (journeyman DEFE)
 16605 | D:14     | Found a runed translucent gate.
 16645 | D:14     | Received a gift from Trog
 16856 | D:15     | Found a staircase to the Depths.
 16936 | D:15     | Reached XP level 21. HP: 184/184 MP: 22/22
 17170 | D:13     | Found a gate to the Vaults.
 17185 | Vaults:1 | Entered Level 1 of the Vaults
 17306 | Vaults:1 | Reached skill level 15 in Shields
 17314 | Vaults:1 | Found a magical portal.
 17370 | Vaults:1 | Received a gift from Trog
 17834 | Vaults:2 | Received a gift from Trog
 18068 | Vaults:2 | Reached XP level 22. HP: 110/194 MP: 23/23
 18325 | Vaults:5 | Entered Level 5 of the Vaults
 18325 | Vaults:5 | Noticed Mennas
 18355 | Vaults:5 | Reached ****** piety under Trog
 18388 | Vaults:5 | Identified the +5 hand axe of the Final Decision {vorpal,
                  | rN+ Will+} (Trog gifted it to you on level 5 of the Vaults)
 18388 | Vaults:5 | Received a gift from Trog
 18394 | Vaults:5 | Noticed an ancient lich
 18410 | Vaults:5 | Killed from afar by an ancient lich

Illustrated notes

Levels and vault maps discovered:
D:1:      zelgadis_glass_arrival_small, layout_basic
D:2:      layout_rooms, shapermc_ecumenical_altar_rom_forum, basic_altar
D:3:      layout_rooms, chequers_temple_overflow_statue_of_worship,
          serial_shops, shop
D:4:      minmay_general_purpose_star, layout_basic, portal_sewer_entry_f,
          saegor_snake_ambush
D:5:      layout_rooms
D:6:      layout_basic, minmay_temple_entry_waves, nicolae_water_bricks
D:7:      layout_cave_pools, grunt_ministairs_2, uniq_maggie, uniq_pikel
D:8:      layout_cave_pods, minmay_shop_grid_forest, grunt_ministairs_1,
          uniq_prince_ribbit1, uniq_gastronok
D:9:      minmay_the_grid_triangle_9x9_recursive_2
          [minmay_the_grid_triangle_9x9_prize_special,
          minmay_the_grid_triangle_9x9_swiss_cheese,
          minmay_the_grid_triangle_9x9_dagger,
          minmay_the_grid_triangle_9x9_sprig], layout_cross, orc_0_dummy,
          enter_bailey_8
D:10:     layout_long_grid, gammafunk_temple_overflow_elements,
          david_lair_shrubbed, enter_trove_6, nzn_life_drinkers, uniq_maurice
D:11:     layout_roguey, gammafunk_ghost_berserking_beasts
D:12:     layout_roguey, corexii_mini_fake_secret_closet
D:13:     layout_long_grid, david_vaults_1, serial_shops, shop
D:14:     layout_loops_cross, gammafunk_ghost_split,
          kennysheep_decorative_pillar, minivault_23
D:15:     grunt_enter_depths_hoard, layout_long_grid, hangedman_decor_points,
          special_room [special_room_bee], hangedman_aviary
Lair:1:   layout_regular_city, st_stairs_10, infiniplex_staircase_pool_2
Lair:2:   layout_roguey, shoals_dummy_entry, uniq_amaemon, uniq_urug
Lair:3:   layout_gridlike, spider_nest_entry_web_field, grunt_megastairs_3
Lair:4:   layout_gridlike, gammafunk_ghost_arena, kennysheep_basilisk_garden,
          grunt_megastairs_1, uniq_rupert
Lair:5:   layout_loops_ring, serial_bayou_lagoon_a
Lair:6:   grunt_lair_end_beastmaster, layout_misc_corridors, slime_entry_2,
          grunt_megastairs_5, infiniplex_staircase_pool
Shoals:1: layout_shoals, serial_shops, nicolae_shop_behind_doors,
          nicolae_shoals_pincushion_passage, uniq_kirke
Shoals:2: layout_shoals, uniq_polyphemus
Shoals:3: layout_shoals, serial_shops,
          nicolae_shop_temple_entry_statues_fountains,
          nicolae_shoals_lost_giant_pillars
Shoals:4: shoals_end_simple, layout_shoals, portal_ice_cave_entry_ice_simulacra
Spider:1: layout_chambers, hangedman_spider_tarantella_strand
Spider:2: layout_chambers, uniq_arachne
Spider:3: layout_spider_delve, ebering_ghost_xom, nicolae_spider_cling_halls
Spider:4: hellmonk_spider_rune_bug_friends, hangedman_spider_mandibles,
          nicolae_spider_twisty_arc_passages
Orc:1:    layout_diamond_mine
Orc:2:    grunt_orc_tribal_feast, layout_caves
Elf:1:    layout_gridlike, ebering_ghost_rock_garden,
          minmay_elf_crystal_heptagon
Elf:2:    elven_hall_of_blades_hangedman_original [nicolae_blade_little_rooms],
          layout_onion_city, basic_altar, nicolae_elf_altarnating,
          lemuel_upstairs_altar
Elf:3:    minmay_elf_hall_dome, layout_loops_corners, nrook_mini_backslash,
          minmay_shop_star, uniq_asterion
Vaults:1: mu_enter_wizlab_4, ontoclasm_vaults_ring_small, v_rooms_1, v_misc_22,
          nicolae_vaults_network_barrier, vaults_dpeg_diagonal,
          hangedman_vaults_capsules, nicolae_vaults_network_s,
          ontoclasm_vaults_shuriken, nicolae_vaults_alarming, vaults_mumra_lcd,
          serial_ice_m, vaults_room_ringed_pool, ontoclasm_vaults_eye,
          layout_vaults_ring
Vaults:2: nicolae_vaults_windows_and_doors_thing, blue_anna_dwarven_crypt,
          grunt_vaults_twisty, v_pattern_5, v_rooms_3, vaults_room_pools,
          nicolae_vaults_network_quinsquares
          [nicolae_vaults_network_quincunx_subvault,
          nicolae_vaults_network_quincunx_subvault,
          nicolae_vaults_network_quincunx_subvault,
          nicolae_vaults_network_quincunx_subvault],
          dpeg_vaults_pockets_of_resistance, grunt_vaults_hallway_short,
          nicolae_vaults_little_squares_5, vaults_room_pool,
          vaults_room_stairs_pillars, layout_vaults_omnibox, uniq_margery
Vaults:3: v_misc_11, v_pattern_1, vaults_dpeg_ring,
          hangedman_vaults_corner_blocks, nicolae_vaults_little_squares_1,
          dpeg_vaults_monster_box, grunt_vaults_hallway_short,
          grunt_vaults_funnel, nicolae_vaults_ring_of_whatevers,
          ontoclasm_vaults_chip, layout_vaults_omnigrid, serial_shops,
          nicolae_shop_statue_plus
Vaults:4: portal_desolation_entry_nicolae_slug,
          hangedman_vaults_stretched_pinwheel, vaults_room_hallway,
          nicolae_vaults_lopsided_apartments, v_misc_24,
          ontoclasm_vaults_decontamination, v_misc_25, v_misc_1,
          vaults_room_boxed, nicolae_vaults_network_star,
          nicolae_vaults_shelves_hall, nicolae_vaults_little_squares_6,
          vaults_room_large_hall, hangedman_vaults_stitches, grunt_vaults_swirl,
          layout_vaults_maze_bifur, serial_shops, shop
Vaults:5: uniq_mennas

Skill      XL: |  1  2  3  4  5  6  7  8  9 10 11 12 13 14 15 16 17 18 19 20 21 22 |
---------------+-------------------------------------------------------------------+-----
Axes           | 4 5 6 7 8 9 11 12 13 15 16 18 | 18.0
Dodging        | 3 4 5 6 7 9 11 12 13 14 15 16 17 | 17.2
Armour         | 3 4 5 6 7 8 9 10 12 13 14 15 16 17 | 17.2
Fighting       | 4 5 6 7 8 9 10 11 12 13 14 15 16 | 16.1
Evocations     | 2 4 5 7 8 9 11 12 13 14 15 16 | 16.4
Throwing       | 1 4 5 7 9 12 13 14 15 16 | 16.0
Shields        | 6 14 15 16 | 16.3
Polearms       | 2 |  2.1

Action                   |  1- 3 |  4- 6 |  7- 9 | 10-12 | 13-15 | 16-18 | 19-21 | 22-24 || total
-------------------------+-------+-------+-------+-------+-------+-------+-------+-------++-------
Melee: Hand axe          |    68 |   214 |    66 |       |       |       |       |       ||   348
       Punch             |       |     3 |     5 |     7 |     7 |    15 |     4 |       ||    41
       War axe           |       |       |   167 |   486 |   372 |   822 |   431 |       ||  2278
       Morningstar       |       |       |       |    10 |       |       |       |       ||    10
       Eveningstar       |       |       |       |       |    19 |       |       |       ||    19
       Broad axe         |       |       |       |       |       |       |   658 |   113 ||   771
       Lance             |       |       |       |       |       |       |     7 |       ||     7
Throw: Boomerang         |       |       |       |       |    10 |   128 |    28 |     6 ||   172
       Javelin           |       |       |       |       |     3 |       |     7 |       ||    10
Invok: Berserk           |     2 |     6 |     7 |    20 |    11 |    16 |    11 |     1 ||    74
       Trog's Hand       |       |       |       |     2 |     2 |     9 |     7 |     2 ||    22
       Brothers in Arms  |       |       |       |       |     6 |     4 |     3 |     1 ||    14
Evoke: Wand              |       |       |       |     4 |    11 |    13 |     5 |       ||    33
       Phantom mirror    |       |       |       |       |       |       |     1 |       ||     1
  Use: Scroll            |       |       |       |    13 |    16 |     6 |    14 |     1 ||    50
       Potion            |       |       |       |       |     3 |    16 |     7 |     1 ||    27
 Stab: Paralysed         |       |       |       |       |     1 |       |     3 |       ||     4
       Distracted        |       |       |       |       |       |     3 |     2 |       ||     5
Armor: Animal skin       |    24 |       |       |       |       |       |       |       ||    24
       Scale mail        |       |   106 |    32 |       |    15 |   381 |   151 |       ||   685
       Plate armour      |       |       |   109 |   283 |   141 |       |       |       ||   533
       Chain mail        |       |       |       |       |       |       |    58 |    21 ||    79
Dodge: Dodged            |    33 |    98 |   123 |   298 |   242 |  1003 |   650 |    46 ||  2493
Block: Buckler           |       |       |       |       |       |       |    28 |       ||    28
       Other             |       |       |       |       |       |       |     5 |       ||     5
       Reflection        |       |       |       |       |       |       |    40 |    10 ||    50
       Kite shield       |       |       |       |       |       |       |   297 |       ||   297
       Tower shield      |       |       |       |       |       |       |   353 |   136 ||   489

Table legend: (Time is in decaauts)
 A = Elapsed time spent in this place.
 B = Non-inter-level travel time spent in this place.
 C = Inter-level travel time spent in this place.
 D = Time resting spent in this place.
 E = Time spent auto-exploring this place.
 F = Levels seen in this place.
 G = Mean time per level.
                   A        B        C        D        E       F      G
               +--------+--------+--------+--------+--------+-----+--------+
         Total |  18579 |  16909 |   1670 |   1038 |      8 |  43 |  432.1 |
       Dungeon |   7118 |   6307 |    811 |    464 |      8 |  15 |  474.5 |
          Lair |   2715 |   2390 |    325 |     13 |      0 |   6 |  452.5 |
        Shoals |   1899 |   1851 |     48 |    394 |      0 |   4 |  474.8 |
   Spider Nest |   2669 |   2450 |    219 |    158 |      0 |   4 |  667.2 |
  Orcish Mines |    781 |    715 |     66 |      0 |      0 |   2 |  390.5 |
   Elven Halls |   1210 |   1052 |    158 |      0 |      0 |   3 |  403.3 |
        Vaults |   1149 |   1109 |     40 |      0 |      0 |   5 |  229.8 |
         Abyss |    224 |    224 |      0 |      0 |      0 |   1 |  224.0 |
         Sewer |    193 |    193 |      0 |      0 |      0 |   1 |  193.0 |
        Bailey |    148 |    148 |      0 |      0 |      0 |   1 |  148.0 |
      Ice Cave |    469 |    469 |      0 |      9 |      0 |   1 |  469.0 |
               +--------+--------+--------+--------+--------+-----+--------+

Top non-repeatable levels by time:
Spider:2: 1430 daAuts
    D:10: 1191 daAuts
Spider:4: 854 daAuts
     D:8: 776 daAuts
     D:9: 776 daAuts
Shoals:1: 638 daAuts
  Lair:6: 617 daAuts
  Lair:3: 613 daAuts
     D:4: 605 daAuts
   Elf:3: 582 daAuts
Shoals:4: 541 daAuts
Vaults:1: 488 daAuts
  Lair:2: 473 daAuts
   IceCv: 469 daAuts
     D:7: 461 daAuts
